 Dungeon Crawl Stone Soup version 0.26.1-2-gb8aa6d0cf2 (webtiles) character file.

Game seed: 11695288929445120804

310 H0rd4k the Charlatan (level 6, -1/44 HPs)
             Began as a Human Artificer on Mar 9, 2021.
             Slain by a centaur zombie (7 damage)
             ... on level 3 of the Dungeon.
             The game lasted 00:03:56 (3303 turns).

H0rd4k the Charlatan (Human Artificer)              Turns: 3303, Time: 00:03:57

Health: -1/44      AC:  3    Str: 14    XL:     6   Next: 70%
Magic:  6/6        EV: 12    Int: 12    God:
Gold:   137        SH:  0    Dex: 13    Spells: 5/5 levels left

rFire    . . .     SeeInvis .   f - +0 short sword
rCold    . . .     Faith    .   (no shield)
rNeg     . . .     Spirit   .   b - +0 leather armour
rPois    .         Reflect  .   (no helmet)
rElec    .         Harm     .   (no cloak)
rCorr    .         Rampage  .   (no gloves)
Will     .....                  (no boots)
Stlth    ++........             c - amulet of magic regeneration
HPRegen  0.14/turn              (no ring)
MPRegen  0.35/turn              (no ring)

@: no status effects
A: no striking features
a: no special abilities


You were on level 3 of the Dungeon.
You visited 1 branch of the dungeon, and saw 3 of its levels.

You collected 137 gold pieces.

Inventory:

Hand Weapons
 f - a +0 short sword (weapon)
Missiles
 l - 11 poisoned darts
Armour
 b - a +0 leather armour (worn)
Jewellery
 c - an amulet of magic regeneration (around neck)
 h - an uncursed amulet of the acrobat
Wands
 d - a wand of enslavement (12)
 e - a wand of random effects (1)
Scrolls
 a - 2 scrolls of identify {unknown}
 i - a scroll of amnesia {unknown}
 k - a scroll of noise {unknown}
 o - a scroll of immolation {unknown}
Potions
 g - a potion of curing {unknown}
 j - 2 potions of lignification {unknown}
 m - a potion of magic {unknown}
 n - a potion of degeneration {unknown}
 p - a potion of berserk rage {unknown}


   Skills:
 + Level 1.8 Fighting
 + Level 2.9 Short Blades
 + Level 3.1 Armour
 + Level 2.0 Dodging
 + Level 2.2 Stealth
 + Level 4.6 Evocations


You had 5 spell levels left.
You didn't know any spells.
Your spell library contained the following spells:

 Spells                   Type           Power        Failure   Level
 Confusing Touch          Hex            0%           77%         3
 Gell's Gravitas          Tloc           0%           77%         3
 Petrify                  Tmut/Erth      0%           99%         4
 Metabolic Englaciation   Hex/Ice        0%           100%        5
 Yara's Violent Unravell  Hex/Tmut       0%           100%        5


Dungeon Overview and Level Annotations

Branches:
Dungeon (3/15)

Altars:
Trog

Annotations:
D:3 exclusion: upstairs


Message History

The centaur zombie closely misses you.
You hit the centaur zombie.
The centaur zombie is severely damaged.
The centaur zombie barely misses you. The centaur zombie hits you.
* * * LOW HITPOINT WARNING * * *
You hit the centaur zombie.
The centaur zombie is almost destroyed.
The centaur zombie hits you but does no damage.
You hit the centaur zombie.
The centaur zombie is almost destroyed.
The centaur zombie completely misses you.
You barely miss the centaur zombie.
The centaur zombie is almost destroyed.
The centaur zombie barely misses you.
You hit the centaur zombie but do no damage.
The centaur zombie is almost destroyed.
The centaur zombie hits you.
* * * LOW HITPOINT WARNING * * *
The centaur zombie hits you!
You die...

.....##.##.###########
#.#.......).......^..#
.....##.##...........#
#.#. #.##.#...#####.#
.....##.##..)...####.###
#.#..............<.....#
.....##.###.....#..#.#.#
. #)# ##....#......# #@#
##.#.#..#.#.# #Z#
#.#.##.....# .r .)#
#.#.####.###
....#######.#.# #B# #
... #.....#.# #o# # .#.#
#.#####.# #o# # .#
#.##.# #.# #.# # ..
#.#.# #.# #.# # .#
##..#####.# #.# #


You could see a centaur zombie.

Vanquished Creatures
  2 eyes of draining (D:3)
  An orc wizard (D:3)
  4 gnolls
  2 adders (D:3)
  A dart slug (D:3)
  8 orcs (D:3)
  A ball python (D:1)
  4 giant cockroaches
  6 goblins
  3 hobgoblins
  4 kobolds
  A quokka (D:2)
  A bat (D:1)
  5 frilled lizards (D:1)
  5 rats
48 creatures vanquished.

Notes
Turn   | Place    | Note
-------+----------+-------------------------------------------
     0 | D:1      | H0rd4k the Human Artificer began the quest for the Orb.
     0 | D:1      | Reached XP level 1. HP: 15/15 MP: 1/1
   332 | D:1      | Reached XP level 2. HP: 17/21 MP: 2/2
  1339 | D:2      | Reached XP level 3. HP: 26/26 MP: 3/3
  1770 | D:3      | Reached skill level 1 in Short Blades
  1770 | D:3      | Reached XP level 4. HP: 32/32 MP: 4/4
  2134 | D:3      | Noticed an eye of draining
  2142 | D:3      | Noticed an eye of draining
  2163 | D:3      | Killed an eye of draining
  2164 | D:3      | Reached skill level 4 in Evocations
  2164 | D:3      | Reached XP level 5. HP: 9/37 MP: 0/5
  2167 | D:3      | Killed an eye of draining
  2168 | D:3      | Reached XP level 6. HP: 11/44 MP: 0/6
  2361 | D:3      | Found a bloodstained altar of Trog.
  3303 | D:3      | Slain by a centaur zombie

Illustrated notes

Levels and vault maps discovered:
D:1:      matt_arrival_diagonals, layout_basic, serial_glass, glass_columns_b,
          glass_columns_a, glass_columns_a, glass_columns_b, glass_columns_b,
          glass_columns_a, glass_columns_a, glass_columns_b
D:2:      minmay_inner_zag, layout_loops_corners, grunt_decor_cap
D:3:      layout_loops_ring, serial_glass, glass_columns_a, glass_columns_b,
          small_statue_intersection, hangedman_decor_clover_reticule,
          trog_eyes_of_draining

Skill      XL: |  1  2  3  4  5  6 |
---------------+-------------------+-----
Short Blades   | 1 2 |  2.9
Evocations     | 4 |  4.6
Armour         | 3 |  3.1
Stealth        | 2 |  2.2
Dodging        | 2 |  2.0
Fighting       | |  1.8

Action                   |  1- 3 |  4- 6 || total
-------------------------+-------+-------++-------
Melee: Club              |    12 |       ||    12
       Short sword       |    88 |   118 ||   206
Evoke: Wand              |    10 |    22 ||    32
 Stab: Sleeping          |     3 |       ||     3
Armor: Leather armour    |    30 |    18 ||    48
Dodge: Dodged            |    56 |    55 ||   111
